[Event "European Women Blitz-ch 2024"]
[Site "Monaco"]
[Date "2025.01.10"]
[Round "8.14"]
[White "Narva, Mai"]
[Black "Schulze, Lara"]
[Result "1-0"]
[Annotator "TA"]
[ECO "C60"]
[WhiteElo "2398"]
[BlackElo "2266"]
[PlyCount "115"]
[EventDate "2025.01.06"]
[EventType "swiss"]
[EventCountry "MNC"]
[SourceTitle "playchess.com"]
[Source "ChessBase"]
[SourceQuality "1"]
[TimeControl "180+2"]

1. e4 e5 2. Nf3 Nc6 3. Bb5 a6 4. Ba4 Nf6 5. O-O d6 6. c3 Bd7 7. Re1 g6 8. h3 Bg7 9. d4 O-O 10. Nbd2 exd4 11. cxd4 Nb4 12. Bxd7 Qxd7 13. Qb3 {[%emt 0:00:32] Repels Nd3} c5 14. d5 (14. Nc4 $14) 14... a5 $1 $11 15. a3 (15. Nc4 $1 $11 {was the only way to keep the balance.}) 15... a4 $17 16. Qd1 Nd3 17. Re3 Nxc1 18. Rxc1 b5 19. Re1 (19. e5 $1 $15 Nxd5 20. Rd3) 19... Nh5 20. Qc2 (20. e5 $17 {was called for.}) 20... Nf4 21. g3 Nxh3+ 22. Kg2 h6 (22... Qg4 23. Nh2 Qh5 (23... Nf4+ 24. Kh1 $16) 24. f4 $17) (22... f6 $19 {and Black stays clearly on top.} 23. Rh1 Ng5) 23. Nf1 (23. e5 $17 dxe5 24. Qxc5) 23... Ng5 $19 24. Nxg5 hxg5 25. Qd2 Bf6 26. Ne3 Kg7 27. Qe2 (27. f3 $142) 27... Rh8 28. Rh1 Bd4 29. Ng4 Rae8 30. Rxh8 Rxh8 31. Rh1 $2 (31. Re1) 31... Rxh1 32. Kxh1 {[%emt 0:00:01][%mdl 4096] Endgame KQB-KQN. Black is a pawn up.} Qe7 33. Nh2 (33. e5 $142 Bxe5 (33... dxe5 34. Qxb5 f5 35. Ne3 $19) 34. Nxe5) 33... f5 34. f3 Qe5 35. Kg2 Bxb2 $2 (35... c4 $19 36. Qe1 g4 (36... Bxb2 $2 37. Qa5 $19)) 36. Qxb5 $17 fxe4 (36... Bxa3 $17 {aiming for ...Qb2+.} 37. Qxa4 Bb4) 37. Qd7+ $2 (37. Qb7+ $11 {and White has nothing to worry.} Kg8 38. Qc8+ Kh7 39. Qd7+ Qg7 40. Qxd6) 37... Kf8 $19 38. Qd8+ Kf7 $1 39. Ng4 $2 (39. Qd7+ Qe7 40. Qxa4) 39... Qc3 $2 (39... Qxd5 40. Qc7+ Ke8 (40... Ke6 41. Qc8+ Ke7 42. Qc7+ Ke6 43. Qc8+ Ke7 44. Qc7+ Ke6 $11) 41. Qb8+ Kd7 42. Qxb2 exf3+ 43. Kf2 $14) ({Black should try} 39... exf3+ $19 40. Kxf3 Qxd5+ 41. Kf2 Qf5+ (41... Bxa3 42. Qd7+ Kf8 43. Qd8+ Kf7 44. Qd7+ Kf8 45. Qd8+ Kg7 46. Qf6+ Kg8 47. Qd8+ Kf7 $11) 42. Kg2 Qxg4 43. Qc7+ Kf6 44. Qxd6+ Kg7 (44... Qe6 $2 45. Qf8+ Qf7 46. Qh8+ Qg7 47. Qd8+ Ke6 48. Qc8+ Qd7 49. Qg8+ Ke7 50. Qh7+ Kd8 51. Qxg6 $19) 45. Qxc5 Qe4+ 46. Kh2 Be5 (46... Qe2+ $2 47. Kg1 $19) 47. Qa7+ Kh6) 40. Qd7+ $11 Kf8 41. Qxd6+ Kg7 $2 {[%emt 0:00:06][%mdl 8192] [#]} (41... Kf7 $1 $11 {and Black is okay.} 42. Qe6+ (42. fxe4 Qc2+ 43. Kh3 Qb1 $11) 42... Kf8 43. Qxe4 (43. Qxg6 $2 exf3+ 44. Kh3 Qh8+ 45. Nh6 Qf6 $19) 43... Ba1) 42. Qe7+ $1 $18 (42. fxe4 Qc2+ 43. Kh3 (43. Nf2 g4 $11) 43... Qc1 $11) 42... Kh8 43. Qxe4 $2 (43. Qxg5 Qxf3+ (43... Qxa3 44. Qh6+ Kg8 45. Qxg6+ Kf8 46. Qf5+ Kg7 47. Qg5+ Kf8 48. Qf4+ Kg7 49. fxe4 $18) 44. Kh2 Qe2+ (44... Qxa3 45. Qh6+ Kg8 46. Qxg6+ Kf8 47. Qd6+ Kg8 48. Qe6+ Kg7 49. Qe7+ Kg6 50. Qxe4+ Kg5 51. Qf4+ Kg6 52. Qh6+ Kf7 53. Qe6+ Kg7 54. Qe7+ Kg6 55. d6 $18) 45. Kh3 Qf1+ (45... Bxa3 46. Qd8+ Kh7 47. Qe7+ Kh8 48. Qf8+ Kh7 49. Nf6#) 46. Kh2 Qf5 47. Qh4+ Kg7 (47... Qh5 48. d6 $14) 48. Qe7+ Kh8 $11) (43. Qf8+ $18 Kh7 44. Qh6+ (44. fxe4 Qc2+ 45. Nf2 Bd4 $11) 44... Kg8 45. Qxg6+ (45. fxe4 Qc2+ 46. Nf2 Kf7 $14) 45... Kf8 46. Qxe4 (46. fxe4 Qe1 $18)) 43... Bxa3 $2 (43... Qd2+ $11 44. Kh3 Qd1 45. Qe8+ (45. Qxg6 Qf1+ 46. Kh2 Qe2+ 47. Kh3 Qf1+ 48. Kh2 Qe2+ 49. Kh3 Qf1+ $11) 45... Kh7) 44. Qxg6 (44. Qxa4 c4 $14) (44. Qe8+ $142 Kh7 45. Qd7+ (45. Qxa4 c4 $16) 45... Kg8 46. Qd8+ (46. Qxa4 c4 $16) 46... Kf7 47. d6 (47. Qxg5 Qb2+ 48. Nf2 Qd4 $14)) 44... Bb2 45. Nh6 $2 (45. Qxg5 Qc2+ 46. Nf2 Bd4 47. Qh4+ Kg7 48. Qg4+ Kh6 49. Qf4+ Kg6 50. Qg4+ Kf7 51. Qf4+ Kg7 52. Qg4+ Kf8 53. Qc8+ Kg7 54. Qd7+ Kf8 55. Qc8+ Kg7 56. Qd7+ Kf6 57. Qd6+ Kg7 58. Qd7+ $11) (45. d6 {Threatening mate with Qh6+.} Qd2+ 46. Kh3) 45... Qg7 46. Qe8+ Kh7 47. Nf5 Qe5 $2 (47... Qg6 $18 48. Qe7+ (48. Qxa4 Qxf5 49. Qa7+ Bg7 $17) 48... Bg7) 48. Qf7+ (48. Qxa4 Qxf5 49. Qa7+ Bg7 50. Qxc5 Qd3 $17) 48... Kh8 49. Ne7 Qg7 50. Qh5+ $2 (50. Qxg7+ $2 Kxg7 51. Nf5+ Kf7 52. Nd6+ Kf8 $19) (50. Qe8+ $18 {and the rest is easy.} Kh7 51. d6) 50... Qh7 $16 51. Qe8+ ({Of course not} 51. Qxg5 $6 Qc2+ 52. Kh3 Qh7+ 53. Kg2 (53. Kg4 Qg7 $11) 53... Qc2+ 54. Kh3 Qh7+ 55. Kg2 $11) 51... Kg7 {[%emt 0:00:01][%cal Og5g4] [#]} 52. d6 $2 (52. Qc8 $1 $18 ) 52... Qc2+ $2 (52... g4 $11 53. fxg4 Qe4+ 54. Kh2 Qe2+ 55. Kh3 Qf1+ 56. Kh2 Qf2+ 57. Kh3 Qf1+) 53. Kh3 $18 Qh7+ 54. Kg4 Kf6 55. Nd5+ ({Less strong is} 55. Qxa4 Qf7 56. Qc2 Qe6+ 57. Qf5+ Qxf5+ 58. Nxf5 Ke6 $16) 55... Kg7 56. d7 Qh6 57. Qe7+ Kg8 58. d8=Q+ 1-0

[Event "European Women Blitz-ch 2024"]
[Site "Monaco"]
[Date "2025.01.10"]
[Round "8.15"]
[White "Vega Gutierrez, Sabrina"]
[Black "Javakhishvili, Lela"]
[Result "1-0"]
[Annotator "TA"]
[ECO "B03"]
[WhiteElo "2393"]
[BlackElo "2426"]
[PlyCount "87"]
[EventDate "2025.01.06"]
[EventType "swiss"]
[EventCountry "MNC"]
[SourceTitle "playchess.com"]
[Source "ChessBase"]
[SourceQuality "1"]
[TimeControl "180+2"]

1. e4 Nf6 2. e5 Nd5 3. c4 Nb6 4. d4 d6 5. exd6 exd6 6. Nc3 Be7 7. Bd3 O-O 8. Nge2 Na6 9. b3 {[%emt 0:00:16] White is more active.} c6 10. O-O Re8 11. a3 Bf6 12. Qc2 g6 13. h3 d5 14. c5 Nd7 15. Bxa6 bxa6 16. Bf4 a5 17. Qd3 $36 {[%emt 0:00:04][%mdl 2048] Dodges Ba6. White fights for an advantage.} Nf8 18. Ng3 (18. Bd6 $11) 18... Ne6 $15 19. Be3 Ng7 20. Rfe1 Nf5 21. Nxf5 $1 Bxf5 22. Qa6 Qc7 $2 (22... Re6 $11 {and Black is okay.}) 23. Ne2 $2 ({White must play} 23. Nxd5 $18 cxd5 24. Qxf6) 23... g5 24. Bd2 Re6 25. Bxa5 Qe7 (25... Qb8 $11) 26. Ng3 Bg6 27. Rxe6 ({White should try} 27. Bc3) 27... Qxe6 $16 28. Qb7 Qc8 29. Qxc8+ Rxc8 30. Bc3 Re8 31. b4 h5 32. a4 a6 $1 33. b5 axb5 34. axb5 cxb5 35. Ra6 h4 $2 (35... b4 $1 $11 36. Bxb4 Bxd4) 36. Nf1 (36. Rxf6 $18 hxg3 37. fxg3) 36... Bd3 $2 37. Rxf6 $18 b4 38. Bxb4 Ra8 39. c6 Ra1 40. c7 Rxf1+ 41. Kh2 Rc1 42. Bc5 Kg7 43. c8=Q Kxf6 {[%emt 0:00:02] [#]} 44. Be7+ $1 1-0

[Event "European Women Blitz-ch 2024"]
[Site "Monaco"]
[Date "2025.01.10"]
[Round "8.16"]
[White "Gaponenko, Inna"]
[Black "Charkhalashvili, Inga"]
[Result "1/2-1/2"]
[Annotator "TA"]
[ECO "B01"]
[WhiteElo "2346"]
[BlackElo "2240"]
[PlyCount "97"]
[EventDate "2025.01.06"]
[EventType "swiss"]
[EventCountry "MNC"]
[SourceTitle "playchess.com"]
[Source "ChessBase"]
[SourceQuality "1"]
[TimeControl "180+2"]

1. e4 d5 2. exd5 Qxd5 3. Nc3 Qd8 4. d4 Nf6 5. Nf3 Bg4 6. h3 Bxf3 7. Qxf3 c6 $1 8. Bf4 e6 9. O-O-O Be7 10. g4 {[%emt 0:00:03] White has more active pieces.} Nd5 11. Bg3 (11. Nxd5 Qxd5 12. Qxd5 cxd5 13. Be2) 11... Qa5 12. Bc4 (12. Nxd5 {simplifies} Qxd5 13. Qxd5 cxd5 14. Be2) 12... Nd7 {[%emt 0:00:19] [#]} (12... Nxc3 $11 {remains equal.} 13. Qxc3 Qxc3 14. bxc3 Nd7) 13. Bb3 (13. Ne4 $1 $16) 13... Nxc3 $11 14. Qxc3 Qxc3 15. bxc3 a5 16. a4 b5 17. axb5 cxb5 18. d5 Nc5 19. dxe6 fxe6 20. Rhe1 Ra6 21. f4 O-O 22. Re3 Rc6 23. Kb2 Bf6 24. g5 Be7 25. h4 g6 26. Rde1 Kf7 27. Re5 Rfc8 {[%emt 0:00:08] ...Nxb3 would now be deadly.} 28. f5 gxf5 (28... Nxb3 $5 29. Rxe6 Ba3+ 30. Kxa3 (30. Kxb3 $2 {loses.} Rxc3+ 31. Ka2 Rxg3 $19) 30... Nd2 $11) 29. Rxf5+ Kg6 30. Rfe5 Kf7 (30... Bf8 $11) 31. Rf1+ (31. Ba2 $14) 31... Ke8 32. Rf3 Bd6 33. Ree3 {[%emt 0:00:03] Bd5 is the strong threat.} Bxg3 34. Rxg3 Ke7 35. h5 Rg8 36. g6 hxg6 37. hxg6 Nxb3 38. cxb3 {[%emt 0:00:01][%mdl 4096] Endgame KRR-KRR} Rg7 39. Re5 b4 40. cxb4 axb4 41. Re4 Rb6 42. Rgg4 Kf6 43. Ref4+ Ke7 44. Rxb4 Rxb4 45. Rxb4 {[%emt 0:00:01] Rb7+ would kill now.} Rxg6 46. Rb7+ Kd6 47. Kc3 Rg4 48. Rb6+ Kd5 49. Rb5+ 1/2-1/2

[Event "European Women Blitz-ch 2024"]
[Site "Monaco"]
[Date "2025.01.10"]
[Round "8.17"]
[White "Atalik, Ekaterina"]
[Black "Gvetadze, Sofio"]
[Result "1-0"]
[Annotator "TA"]
[ECO "A31"]
[WhiteElo "2395"]
[BlackElo "2298"]
[PlyCount "73"]
[EventDate "2025.01.06"]
[EventType "swiss"]
[EventCountry "MNC"]
[SourceTitle "playchess.com"]
[Source "ChessBase"]
[SourceQuality "1"]
[TimeControl "180+2"]

1. d4 Nf6 2. c4 c5 3. e3 g6 4. Nf3 Bg7 5. Nc3 b6 6. d5 O-O 7. Bd3 d6 8. O-O e6 9. e4 exd5 10. cxd5 Re8 11. h3 Ba6 12. Re1 Bxd3 13. Qxd3 Nbd7 14. Bf4 Qb8 15. a4 a6 16. Nd2 {[%emt 0:00:08] White is much more active.} Nh5 17. Bh2 Ne5 18. Qc2 Ra7 (18... Bh6 $14) 19. f4 $16 Nd7 20. Nf3 Rb7 21. g4 Bd4+ 22. Nxd4 cxd4 23. Ne2 Rc7 $1 24. Qb1 Nhf6 $1 25. Nxd4 {[%emt 0:00:06] Threatens to win with Nc6.} Rc4 26. Nc6 Qc7 27. g5 Rcxe4 (27... Nxe4 $11 28. b3 Rxc6 29. dxc6 Qxc6) 28. Rxe4 ({Better is} 28. Rc1 $1 $14 Qb7 (28... Nxd5 29. Qd3 $16) 29. gxf6 Nxf6 30. Qd3) 28... Nxe4 $15 29. f5 Nxg5 $19 ({Don't do} 29... gxf5 30. Qf1 $15) 30. Qd3 Nc5 $36 {[%emt 0:00:11][%mdl 2048] Black is on the roll.} 31. Qg3 Nge4 32. Qf3 (32. Qh4 $142) 32... Qd7 33. f6 $2 (33. Re1 {is tougher.}) 33... Ng5 34. Qg3 (34. Qg2 $142 Nxh3+ 35. Kh1) 34... Nce4 35. Qg2 Nxh3+ {[%emt 0:00:05] A dynamic duo of knights.} 36. Kf1 Qf5+ 37. Ke2 1-0

[Event "European Women Blitz-ch 2024"]
[Site "Monaco"]
[Date "2025.01.10"]
[Round "8.18"]
[White "Osmak, Yuliia"]
[Black "Rodriguez Redondo, Adhara"]
[Result "1-0"]
[Annotator "TA"]
[ECO "A00"]
[WhiteElo "2463"]
[BlackElo "2189"]
[PlyCount "91"]
[EventDate "2025.01.06"]
[EventType "swiss"]
[EventCountry "MNC"]
[SourceTitle "playchess.com"]
[Source "ChessBase"]
[SourceQuality "1"]
[TimeControl "180+2"]

1. b4 e5 2. Bb2 Bxb4 3. Bxe5 Nf6 4. e3 Nc6 5. Bb2 d5 6. Nf3 O-O 7. Be2 Re8 8. O-O h6 9. d3 Bf5 10. Nbd2 Qe7 11. c4 dxc4 12. Nxc4 Rad8 13. d4 Be4 14. Rc1 Nd5 (14... Na5 $11 {remains equal.}) 15. Qb3 (15. a3 $16 Ba5 16. Nfd2) 15... Nb6 16. Nce5 Nxe5 17. Nxe5 Bd5 18. Qc2 c6 (18... Bd6 $11) 19. Ba1 (19. e4 $1 $14 Bxa2 20. Ra1) 19... Bd6 (19... Nd7 $11) 20. Bd3 ({White should try} 20. e4 $14 Bxe5 21. dxe5) 20... Qg5 (20... Bxe5 $11 21. dxe5 Qh4) 21. f4 Qe7 22. Rce1 Nd7 $2 (22... Bxe5 $1 $14 23. fxe5 (23. dxe5 Qa3 $14) 23... Be6) 23. Re2 $2 ({Only move:} 23. e4 $18 Nxe5 24. fxe5 (24. exd5 Nf3+ 25. gxf3 Qxe1 $11) 24... Bxe5 25. dxe5 (25. exd5 $2 Bxh2+ 26. Kxh2 Qh4+ 27. Kg1 Rxe1 $19) 25... Bxa2 26. Qxa2 Rxd3 27. Qxa7) 23... c5 $2 ({Better is} 23... Bxe5 $14 24. fxe5 Be6) 24. e4 $18 Bc6 25. d5 $2 ({Much less strong is} 25. Nxc6 bxc6 26. e5 Bc7 $18) (25. Nxf7 $18 Kxf7 (25... Qxf7 $2 26. Bc4 $18) 26. d5) 25... Nxe5 $2 (25... Bxe5 $11 {and Black has nothing to worry.} 26. fxe5 Nxe5) 26. fxe5 (26. Bxe5 Bxe5 27. dxc6 Bd4+ 28. Kh1 bxc6 $16) 26... Bxe5 27. dxc6 Bxa1 28. Rxa1 Qe5 29. Rd1 bxc6 30. Red2 Qd4+ 31. Kh1 {[%emt 0:00:01] and Bc4 should not be overlooked} Qe3 32. Bc4 Rd4 $2 (32... Rxd2 33. Qxd2 Qxd2 34. Rxd2 Kf8) 33. Rxd4 cxd4 34. Qb3 (34. Bd3 $142) 34... Qxb3 35. axb3 Rxe4 {[%emt 0:00:01][%mdl 4096] Endgame KRB-KR} 36. Kg1 c5 37. Ra1 Re7 38. Ra6 Rc7 39. Kf2 Kf8 40. Ke2 Ke7 41. Kd3 g6 42. g3 f6 (42... h5 $142 43. Ke4 Kf8) 43. Re6+ Kd7 (43... Kf8 $142 44. Rxf6+ Kg7) 44. Rxf6 a5 45. Rxg6 Ra7 46. Rg7+ 1-0

[Event "European Women Blitz-ch 2024"]
[Site "Monaco"]
[Date "2025.01.10"]
[Round "9.1"]
[White "Kosteniuk, Alexandra"]
[Black "Maltsevskaya, Aleksandra"]
[Result "0-1"]
[Annotator "TA"]
[ECO "B27"]
[WhiteElo "2484"]
[BlackElo "2368"]
[PlyCount "75"]
[EventDate "2025.01.06"]
[EventType "swiss"]
[EventCountry "MNC"]
[SourceTitle "playchess.com"]
[Source "ChessBase"]
[SourceQuality "1"]
[TimeControl "180+2"]

1. e4 c5 2. c3 g6 3. Nf3 Nc6 4. d4 d5 5. e5 cxd4 6. cxd4 Bg7 7. Bb5 Nh6 8. Nc3 O-O 9. O-O f6 10. exf6 exf6 11. Re1 Bg4 12. Bxc6 bxc6 13. h3 Bxf3 14. Qxf3 Nf7 15. b3 f5 16. Qd3 Qh4 17. Ne2 Rfe8 18. Be3 Re6 19. Rac1 Rae8 20. Red1 $2 {[%emt 0:00:34][%mdl 8192] [#]} (20. g3 $11 {and White is okay.} Qd8 (20... Qxh3 $2 21. Nf4 $18) 21. Nf4) 20... Bh6 $1 $19 21. Bxh6 Qxh6 $2 (21... Rxe2 $19 22. Rf1 (22. Be3 $2 R8xe3 23. Qxe3 Rxe3 $19) 22... Qxh6 (22... Nxh6 $2 23. Rxc6 Qe4 24. Qb5 $19)) 22. Ng3 f4 23. Nf1 Ng5 {[%emt 0:00:03][%cal Of4f3] and ...f3! would now be decisive} 24. Nh2 Qh4 25. Nf3 Nxf3+ 26. Qxf3 Qf6 27. Kh2 Kg7 28. Rc2 Re4 29. Qc3 R8e6 30. f3 Re3 31. Qd2 Qg5 32. Qf2 {[%emt 0:00:27] Inhibits Qg3+.} h5 33. h4 (33. Rdc1 $15) 33... Qf6 34. Rdc1 Kh7 (34... Qxd4 35. Rxc6 Qf6 36. Rxe6 Rxe6 37. Rd1 $11 (37. Qxa7+ Re7 $11)) ({Black should try} 34... Kf8 35. b4 Qe7 (35... Qxd4 36. Rxc6 Qf6 37. Rc8+ Kg7 38. R8c7+ Kh6 39. Rxa7 $11)) 35. b4 $17 a6 {[%emt 0:00:03][%cal Oh7h6] Black is more active.} (35... Qxd4 36. Rxc6 Qf6 37. Rxe6 Rxe6 38. Rd1 $11 (38. Qxa7+ Re7 $11)) 36. a4 Kh6 ({Don't play} 36... Qxd4 $6 37. Rxc6 Qxb4 38. Rc8 $11) 37. Rd1 {[%emt 0:00:00] [#]} (37. Rb2 $17) 37... Qe7 $1 $19 38. Rdd2 0-1

[Event "European Women Blitz-ch 2024"]
[Site "Monaco"]
[Date "2025.01.10"]
[Round "9.2"]
[White "Arabidze, Meri"]
[Black "Tsolakidou, Stavroula"]
[Result "0-1"]
[Annotator "TA"]
[ECO "E62"]
[WhiteElo "2457"]
[BlackElo "2451"]
[PlyCount "102"]
[EventDate "2025.01.06"]
[EventType "swiss"]
[EventCountry "MNC"]
[SourceTitle "playchess.com"]
[Source "ChessBase"]
[SourceQuality "1"]
[TimeControl "180+2"]

1. d4 Nf6 2. c4 g6 3. g3 Bg7 4. Bg2 O-O 5. Nc3 d6 6. Nf3 Nc6 7. d5 Nb8 8. O-O a5 9. e4 Na6 10. Re1 Bg4 11. h3 Bxf3 12. Bxf3 Nd7 13. Bg2 c6 14. Bg5 h6 {[%emt 0:00:10] Black is weak on the light squares} 15. Be3 Rc8 16. Rc1 cxd5 17. Nxd5 Bxb2 18. Rb1 Bg7 19. Rxb7 Nac5 20. Rb5 ({White should play} 20. Bxc5 $1 $11 Rxc5 21. Qa4) 20... e6 $15 21. Nf4 Ne5 22. Qc2 (22. Qe2 $15) 22... Na6 $17 {[%emt 0:00:38] A dynamic duo of knights.} 23. c5 Nxc5 24. Bxc5 (24. Rd1 $17) 24... Rxc5 25. Rxc5 (25. Qb1) 25... dxc5 $19 26. Qa4 (26. Rd1 $142 Qc7 27. Nxe6 fxe6 28. f4) 26... Qd2 27. Rf1 (27. Rd1 $142 Qb4 28. Qxb4 axb4 29. Ne2) 27... Qb4 28. Qc2 c4 29. Ne2 Qc5 30. Nc3 Rd8 31. Na4 Qd4 32. Kh2 Qd2 33. Rc1 Qxc2 (33... Qb4 $142 34. Nc3 Nc6 (34... Nd3 $2 35. Qd2 $19)) 34. Rxc2 Rc8 (34... g5 $19 {[%cal Oc4c3] ...c3! is the strong threat.} 35. Nc3 h5) 35. f4 $17 Nd3 36. Nb6 {[%emt 0:00:02][%csl LRc4,LRc8] [#]} Rc6 $1 37. Nxc4 {[%emt 0:00:02] [#]} Nb4 $1 {[%emt 0:00:02] Black is more active.} 38. e5 Rc5 39. Rc1 Nxa2 40. Ra1 Rxc4 41. Rxa2 {[%emt 0:00:00][%mdl 4096] Endgame KRB-KRB. Black is a pawn up.} a4 42. h4 (42. Bf1 $17 Rb4 43. Kg2) 42... Bf8 $19 43. Bf1 Rd4 44. Kh3 a3 45. Rc2 Bb4 46. Rc8+ (46. Kg2 {was worth a try.}) 46... Kg7 47. Ra8 Rd2 48. Bc4 Rc2 49. Bb3 Rc3 50. Ba2 Bc5 51. Kg2 $2 {[%emt 0:00:00] Against Bf2} (51. Rc8 $19 h5 52. Rc7) 51... Rc2+ 0-1

[Event "European Women Blitz-ch 2024"]
[Site "Monaco"]
[Date "2025.01.10"]
[Round "9.3"]
[White "Zhukova, Natalia"]
[Black "Wagner, Dinara"]
[Result "0-1"]
[Annotator "TA"]
[ECO "A29"]
[WhiteElo "2306"]
[BlackElo "2437"]
[PlyCount "74"]
[EventDate "2025.01.06"]
[EventType "swiss"]
[EventCountry "MNC"]
[SourceTitle "playchess.com"]
[Source "ChessBase"]
[SourceQuality "1"]
[TimeControl "180+2"]

1. c4 Nf6 2. Nc3 e5 3. Nf3 Nc6 4. g3 d5 5. cxd5 Nxd5 6. Bg2 Bc5 7. O-O O-O 8. Nxd5 Qxd5 9. d3 (9. Ng5 $5 Qd8 10. d3 $11 (10. Nxh7 Re8 $11)) 9... Rd8 10. Bd2 h6 11. Rc1 Bb6 12. Qa4 Qe6 13. b4 Bd7 14. Qc2 a5 15. b5 (15. bxa5 $1 $11 {keeps the balance.} Bxa5 16. Bxa5 Rxa5 17. Qb1) 15... Nb4 $17 16. Qc4 ({Don't go for} 16. Bxb4 $2 axb4 17. Qb2 e4 (17... Bxb5 $2 18. Qxb4 Bc6 19. Rc2 $17) 18. dxe4 Bxb5 $19 (18... Qxa2 19. Qxb4 Qxe2 20. Nd4 $17)) 16... Nxa2 17. Ra1 {[%emt 0:00:02] [#]} Nb4 $1 {[%emt 0:00:07][%cal Oe5e4][%mdl 512] and ...e4! would now be decisive} 18. Qxe6 Bxe6 19. Nxe5 Bd4 20. Bf4 $2 Bxa1 $19 21. Rxa1 Nd5 (21... Nc2 $142 22. Rd1 Bd5) 22. Bd2 a4 23. f4 a3 24. e4 $2 (24. f5 {is a better defense.} Bc8 (24... Bxf5 $2 25. e4 $19) 25. Nc4) 24... Nb6 25. f5 Bb3 26. Bc3 (26. Bf1 $142) 26... f6 27. Ng6 Rxd3 28. Bb4 Rd1+ 29. Rxd1 Bxd1 30. Bxa3 Rxa3 31. e5 fxe5 32. Nxe5 Rb3 33. Bxb7 Rxb5 34. Ng6 Kf7 35. Be4 Nd7 36. Bc6 Rxf5 37. Bxd7 Kxg6 0-1

[Event "European Women Blitz-ch 2024"]
[Site "Monaco"]
[Date "2025.01.10"]
[Round "9.4"]
[White "Khademalsharieh, Sarasadat"]
[Black "Rudzinska, Michalina"]
[Result "0-1"]
[Annotator "TA"]
[ECO "D35"]
[WhiteElo "2458"]
[BlackElo "2226"]
[PlyCount "42"]
[EventDate "2025.01.06"]
[EventType "swiss"]
[EventCountry "MNC"]
[SourceTitle "playchess.com"]
[Source "ChessBase"]
[SourceQuality "1"]
[TimeControl "180+2"]

1. d4 d5 2. c4 e6 3. Nc3 Nf6 4. cxd5 exd5 5. Bg5 Bb4 6. Qb3 c5 7. dxc5 Nc6 8. e3 Be6 9. Qd1 (9. Bb5 $11 Qa5 10. Bxf6 Qxb5 11. Bd4) 9... h6 10. Bxf6 ({White should try} 10. Bf4) 10... Qxf6 $17 11. Rc1 $2 {[%emt 0:00:58] [#]} (11. Nf3 $17) 11... O-O $2 (11... Bxc5 12. Nxd5 Bxd5 (12... Qxb2 $2 13. Rxc5 O-O-O 14. Ne7+ Kc7 15. Qc2 $18) 13. Rxc5 Bxa2 14. Qc1 $11) (11... d4 $1 $19 12. exd4 O-O-O (12... Bxa2 13. Nf3 $15) (12... Qxd4 13. Qxd4 Nxd4 14. Nge2 $15) (12... Nxd4 13. Qa4+ Bd7 14. Qxb4 $15)) 12. Nf3 (12. a3 $15 Bxc3+ (12... Bxc5 13. Bb5 $17) 13. bxc3) 12... Bxc5 (12... Rfd8 $17 13. Nd4 Bxc5 14. Nxc6 bxc6) 13. Be2 (13. Bd3 $15) 13... d4 14. exd4 Nxd4 ({Don't do} 14... Bxd4 15. Ne4 Qg6 (15... Qf4 16. Rxc6 Qxe4 17. Rxe6 $15) 16. Rxc6 $11 (16. Nxd4 $2 Rad8 $19)) 15. Nxd4 Bxd4 16. O-O Rfd8 {[%emt 0:00:19] Black is much more active.} 17. Qa4 a6 18. Bf3 b5 $36 {[%emt 0:00:13][%mdl 2048] Black is really pushing.} 19. Qa5 Rab8 20. Qxa6 Bc4 {[%emt 0:00:02] This pair of bishops is nice.} (20... Bb6 $17 {...Bc4 would now be deadly.} 21. Kh1 h5) 21. Rfe1 $2 Qxa6 0-1

[Event "European Women Blitz-ch 2024"]
[Site "Monaco"]
[Date "2025.01.10"]
[Round "9.5"]
[White "Khotenashvili, Bella"]
[Black "Paehtz, Elisabeth"]
[Result "1/2-1/2"]
[Annotator "TA"]
[ECO "A26"]
[WhiteElo "2420"]
[BlackElo "2428"]
[PlyCount "144"]
[EventDate "2025.01.06"]
[EventType "swiss"]
[EventCountry "MNC"]
[SourceTitle "playchess.com"]
[Source "ChessBase"]
[SourceQuality "1"]
[TimeControl "180+2"]

1. Nf3 Nf6 2. g3 g6 3. Bg2 Bg7 4. O-O O-O 5. c4 d6 6. Nc3 e5 7. d3 Nc6 8. Rb1 a5 9. b3 Bf5 10. e4 Bg4 11. h3 Bxf3 12. Bxf3 Nd7 13. h4 h5 14. Bg5 Bf6 15. Be3 Nd4 16. Bg2 c6 17. Bh3 Nc5 18. Kg2 Qe7 19. Ne2 Nde6 20. a3 a4 21. b4 Nb3 22. f4 exf4 23. Nxf4 Nxf4+ 24. Rxf4 Bg7 25. Rf3 Rae8 26. Bg5 Qc7 27. Be3 c5 28. Qg1 $2 (28. b5 $11) 28... b6 $2 (28... cxb4 $19 29. axb4 b5) 29. b5 Bd4 (29... f5 $1 $15) 30. Qf2 Bxe3 (30... f5 $5) 31. Qxe3 Nd4 ({Better is} 31... f5 $11) 32. Rf2 (32. Rf6 $14) 32... Kg7 $11 33. Rbf1 Qe7 34. Qf4 Qe5 35. Kh2 Qxf4 36. gxf4 f5 37. Bg2 Nb3 38. Kg3 Na5 39. Re1 fxe4 40. Rxe4 Rxe4 41. Bxe4 Nb3 42. Kf3 Nd4+ 43. Kg3 Rf6 44. Rg2 Kf8 45. Rf2 Ke7 46. Rg2 Ne6 47. Rf2 Nd4 48. Rg2 Re6 49. Rf2 Kf6 (49... d5 $5 50. cxd5 Rf6 $11) 50. Rg2 Re7 51. Rf2 $2 (51. Kf2 $11 Rg7 (51... Nf5 52. Rh2 $11) 52. Ke3) 51... Nf5+ 52. Kh3 Nh6 (52... d5 $1 $17 53. cxd5 Nd6) 53. Kg3 $11 Ng4 54. Rd2 Ne3 55. Rf2 $2 (55. Kf3 $11 {and White is okay.} Nf5 56. Rh2) 55... Nf5+ 56. Kh3 {[%emt 0:00:01] [#]} Re6 $2 (56... d5 $1 $17 57. cxd5 Nd6) 57. Rg2 $11 Ne7 58. Kg3 Kf7 59. Kh3 Rf6 60. Kg3 Ke6 61. Re2 Kf7 62. Rf2 Nf5+ 63. Kh3 Nd4 64. Kg3 Ke7 65. Kh3 Nf5 66. Re2 Nd4 67. Rf2 Kf7 68. Kg3 Kg7 69. Rg2 Re6 70. Rf2 (70. Kh3 $11) 70... Kf6 (70... d5 $15 71. cxd5 Rf6) 71. Rg2 $11 Re7 72. Rf2 $2 {[%emt 0:00:01] [#]} (72. Kf2 $11 Nf5 73. Bxf5 Kxf5 74. Kf3) 72... Nf5+ $2 (72... d5 $1 $19 73. cxd5 c4 (73... Nxb5 $2 {loses.} 74. Rb2 $18)) 1/2-1/2